 Dungeon Crawl Stone Soup version 0.29.1-13-g9f3cf754e1 (webtiles) character file.

Game seed: 2642005817738147577

324 Labrat the Conjurer (level 7, 0/50 HPs)
             Began as a Meteoran Conjurer on Jan 19, 2023.
             Slain by Pikel
             ... wielding a +1 whip of flaming
              (1 damage)
             ... on level 4 of the Dungeon.
             The game lasted 00:12:47 (1030 turns).

Labrat the Conjurer (Meteoran Conjurer)             Turns: 1030, Time: 00:12:48

Health: 0/50       AC:  3    Str:  8    XL:     7   Next: 6%
Magic:  3/16       EV: 12    Int: 22    God:
Gold:   111        SH:  0    Dex: 13    Spells: 8/17 levels left

rFire   . . .      SeeInvis .   (no weapon)
rCold   . . .      Faith    .   (no shield)
rNeg    . . .      Spirit   .   a - +0 robe
rPois   .          Reflect  .   (no helmet)
rElec   .          Harm     .   (no cloak)
rCorr   .          Rampage  .   (no gloves)
Will    .....                   c - +0 pair of boots
Stlth   +.........              (no amulet)
HPRegen 0.16/turn               (no ring)
MPRegen 0.15/turn               (no ring)

@: very slightly contaminated, glowing
A: sense surroundings 1, otherworldly, glowing, explore regen
a: no special abilities


You were on level 4 of the Dungeon.
You visited 1 branch of the dungeon, and saw 4 of its levels.

You collected 111 gold pieces.

Inventory:

Armour
 a - a +0 robe (worn)
 c - a +0 pair of boots (worn)
 o - a +1 robe of fire resistance
Wands
 k - a wand of polymorph (5)
 r - a wand of charming (3)
Scrolls
 d - 2 scrolls of blinking {unknown}
 g - a scroll of enchant armour {unknown}
 h - a scroll of identify {unknown}
 j - 2 scrolls of magic mapping {unknown}
 l - a scroll of teleportation {unknown}
 m - a scroll of summoning {unknown}
 n - 2 scrolls of fear {unknown}
Potions
 b - 2 potions of magic
 e - a potion of attraction {unknown}
 f - 5 potions of heal wounds {unknown}
 i - 2 potions of haste {unknown}
 p - a potion of curing {unknown}
 q - a potion of might {unknown}


   Skills:
 - Level 2.4 Dodging
 - Level 1.4 Stealth
 + Level 5.8 Spellcasting
 + Level 7.1 Conjurations
 + Level 0.9 Necromancy
 + Level 1.0 Translocations


You had 8 spell levels left.
You knew the following spells:

 Your Spells              Type           Power      Damage    Failure   Level
a - Magic Dart            Conj           100%       1d8       1%          1
b - Searing Ray           Conj           74%        2d7       1%          2
c - Iskenderun's Mystic   Conj/Tloc      24%        2d7       17%         4
d - Sublimation of Blood  Necr           10%        N/A       10%         2

Your spell library contained the following spells:

 Spells                   Type           Power      Damage    Failure   Level
 Dazzling Flash           Conj/Hex       44%        N/A       6%          3
 Fulminant Prism          Conj/Hex       11%        3d9       22%         4
 Irradiate                Conj/Tmut      11%        3d15      52%         5
 Petrify                  Tmut/Erth      6%         N/A       67%         4


Dungeon Overview and Level Annotations

Branches:
Dungeon (4/15) Zot: 1369
 Temple: D:4-7

Altars:
Dithmenos

Annotations:
D:4 Pikel


Innate Abilities, Weirdness & Mutations

You passively map a small area around you.
You are easily found by Zot.
You glow in the dark.
You regain HP and MP as you explore.


Message History

Confirm with . or Enter, or press ? or * to list all spells.
Aiming: Searing Ray (safe; 1% risk of failure)
Press: ? - help, Shift-Dir - straight line, f/p - Pikel
Aim: Pikel, wielding a +1 whip of flaming and wearing a +0 robe (moderately wounded, 76% to hit)
The searing ray misses the lemure.
The searing ray hits Pikel!
Pikel is heavily wounded. (Press . to maintain the ray.)
The lemure hits you. The lemure hits you!
The searing ray hits Pikel.
Pikel is heavily wounded.
The searing ray hits the lemure.
The lemure is lightly wounded.
The lemure hits you. x2
The searing ray hits Pikel.
Pikel is severely wounded.
The lemure hits you. The lemure barely misses you. x2
Pikel hits you with a +1 whip of flaming.
Pikel burns you.
The searing ray misses Pikel.
The searing ray hits the lemure!
The lemure is moderately wounded.
You finish channelling your searing ray.
The lemure hits you but does no damage. The lemure misses you.
Pikel hits you with a +1 whip of flaming.
Pikel burns you.
* * * LOW HITPOINT WARNING * * *
Casting: Searing Ray (safe; 1% risk of failure)
Confirm with . or Enter, or press ? or * to list all spells.
The spell is quite dangerous to miscast (17% risk of failure)!
Continue anyway?
You miscast Iskenderun's Mystic Blast.
You are very lightly contaminated with residual magic.
Nothing appears to happen.
The lemure hits you.
* * * LOW HITPOINT WARNING * * *
The lemure closely misses you. The lemure hits you.
* * * LOW HITPOINT WARNING * * *
The lemure hits you.
* * * LOW HITPOINT WARNING * * *
Pikel hits you with a +1 whip of flaming.
* * * LOW HITPOINT WARNING * * *
Pikel burns you.
You die...

###################
#...<..#...55......
,+
,#......#...@K!.....
#......#...55...... ,
,#......#.........[.
,
,#......'.........[.
,
,,##..#####+#####....
, ###* , *.... , , ,
, ,... *, , ,, .. , ,
,


You could see Pikel and 4 lemures.

Vanquished Creatures
  Sigmund (D:2)
  A necrophage (D:3)
  Robin (D:2)
  3 adders
  5 ball pythons
  9 endoplasms
  A giant cockroach (D:3)
  15 goblins
  9 hobgoblins
  4 jackals (D:1)
  A quokka (D:1)
  7 bats
  A frilled lizard (D:3)
  2 kobolds
  4 rats
64 creatures vanquished.

Vanquished Creatures (others)
  4 plants (D:2)
4 creatures vanquished.

Grand Total: 68 creatures vanquished

Notes
Turn   | Place    | Note
-------+----------+-------------------------------------------
     0 | D:1      | Labrat the Meteoran Conjurer began the quest for the Orb.
     0 | D:1      | Reached XP level 1. HP: 14/14 MP: 5/5
    40 | D:1      | Reached skill level 5 in Conjurations
    40 | D:1      | Reached XP level 2. HP: 5/20 MP: 0/7
    99 | D:2      | Reached XP level 3. HP: 26/26 MP: 3/8
   112 | D:2      | Learned a level 2 spell: Searing Ray
   124 | D:1      | Found a faded altar of an unknown god.
   321 | D:1      | Reached XP level 4. HP: 33/33 MP: 4/10
   570 | D:3      | Found a shadowy altar of Dithmenos.
   628 | D:2      | Noticed Sigmund
   628 | D:2      | Noticed Robin
   634 | D:2      | Killed Robin
   636 | D:2      | Reached skill level 6 in Conjurations
   636 | D:2      | Reached XP level 5. HP: 24/38 MP: 3/12
   637 | D:2      | Killed Sigmund
   638 | D:2      | Reached skill level 5 in Spellcasting
   638 | D:2      | Reached skill level 7 in Conjurations
   638 | D:2      | Reached XP level 6. HP: 24/45 MP: 2/15
   662 | D:2      | Learned a level 4 spell: Iskenderun's Mystic Blast
   665 | D:2      | Learned a level 2 spell: Sublimation of Blood
   766 | D:3      | Reached XP level 7. HP: 47/50 MP: 7/16
   774 | D:3      | Reached skill level 1 in Translocations
  1020 | D:4      | Noticed Pikel
  1030 | D:4      | HP: 1/50 [Pikel/+1 whip of flaming (6)]
  1030 | D:4      | Slain by Pikel

Illustrated notes

Levels and vault maps discovered:
D:1:      erik_arrival_triangle_medium, layout_rooms,
          hellmonk_ecumenical_altar_crossroads
D:2:      layout_basic, serial_forest, infiniplex_forest_lined_room_2,
          infiniplex_forest_clump_small, infiniplex_forest_clump_diagonal,
          infiniplex_forest_clump_tiny, infiniplex_forest_lined_3,
          infiniplex_forest_clump_double, kennysheep_generic_room_4, uniq_robin,
          uniq_sigmund
D:3:      layout_basic, mainiacjoe_overflow_surrounded_room,
          amcnicky_mini_pool_small, minmay_misc_feat_enclosed,
          minmay_close_crescents
D:4:      layout_gridville, ebering_ghost_reflecting_pool, uniq_pikel

Skill      XL: |  1  2  3  4  5  6  7 |
---------------+----------------------+-----
Spellcasting   | 3 4 5 |  5.8
Conjurations   | 5 6 7 |  7.1
Translocations | 1 |  1.0
Dodging        | |  2.4
Stealth        | |  1.4
Necromancy     | |  0.9

Action                   |  1- 3 |  4- 6 |  7- 9 || total
-------------------------+-------+-------+-------++-------
Melee: Unarmed           |    20 |    10 |       ||    30
       Punch             |     1 |       |       ||     1
 Cast: Magic Dart        |    39 |    33 |     2 ||    74
       Searing Ray       |     1 |     4 |     4 ||     9
Armor: Robe              |     6 |     2 |     1 ||     9
Dodge: Dodged            |    14 |    14 |     5 ||    33
